[Event "Titled Tuesday Blitz February 07 Early 2023"]
[White "Dudzinski, Pawel"]
[Black "Kumala, Aleksander"]
[WhiteFideId "1117890"]
[BlackFideId "1141880"]
[WhiteElo "2186"]
[BlackElo "2165"]
[Result "1-0"]
[Round "11"]
[TimeControl "180+2"]
[Date "2023.02.07"]
[WhiteClock "0:00:33"]
[BlackClock "0:00:57"]

1. e4 e5 2. Nf3 Nf6 3. d4 Nxe4 4. Nxe5 d5 5. Bd3 Nd7 6. O-O Nxe5 7. dxe5 Nc5 8. Re1 Nxd3 9. Qxd3 Be7 10. Nc3 c6 11. Be3 O-O 12. Rad1 Bg4 13. f3 Bh5 14. Ne2 Bg6 15. Qd2 f6 16. Nf4 fxe5 17. Ne6 Qd6 18. Nxf8 Rxf8 19. c3 b6 20. Bg5 Qc5+ 21. Kh1 Bd6 22. Bh4 Qc4 23. Bg3 Re8 24. b3 Qc5 25. c4 d4 26. f4 Bh5 27. fxe5 Bxd1 28. exd6 Bh5 29. d7 Rxe1+ 30. Qxe1 Qf8 31. Bc7 1-0


[Site "https://www.chess.com"]

[Event "Titled Tuesday Blitz February 07 Early 2023"]
[White "Borrmann, Laurenz"]
[Black "Jovic, Stanoje"]
[WhiteFideId "312187930"]
[BlackFideId "905020"]
[WhiteElo "2304"]
[BlackElo "2075"]
[Result "1-0"]
[Round "11"]
[TimeControl "180+2"]
[Date "2023.02.07"]
[WhiteClock "0:00:17"]
[BlackClock "0:00:13"]

1. d4 Nf6 2. c4 e6 3. Nc3 Bb4 4. e3 O-O 5. Bd3 c5 6. Ne2 d5 7. a3 cxd4 8. axb4 dxc3 9. bxc3 dxc4 10. Bxc4 Qc7 11. Qb3 b5 12. Bxb5 Qb7 13. Bd3 Qxg2 14. Rg1 Qxh2 15. Bb2 Rd8 16. c4 Ne8 17. Be4 Nd7 18. Bxa8 Ne5 19. Rh1 Nd3+ 20. Qxd3 Qxh1+ 21. Bxh1 Rxd3 22. Rxa7 f6 23. Bc3 h5 24. b5 Nd6 25. Rc7 h4 26. c5 Nxb5 27. Rxc8+ Kf7 28. Bd2 Ra3 29. Bc6 Ra1+ 30. Nc1 Nc3 31. Bxc3 Rxc1+ 32. Kd2 Rg1 33. Rh8 g5 34. Rh6 e5 35. Be4 Kg7 36. Rh7+ Kg8 37. c6 Rg4 38. c7 Rxe4 39. c8=Q+ Kxh7 40. Qf5+ 1-0


[Site "https://www.chess.com"]

[Event "Titled Tuesday Blitz February 07 Early 2023"]
[White "Babikov, Ivan"]
[Black "Ljukin, Sergei"]
[WhiteFideId "4161106"]
[BlackFideId "14102200"]
[WhiteElo "2239"]
[BlackElo "2362"]
[Result "1-0"]
[Round "11"]
[TimeControl "180+2"]
[Date "2023.02.07"]
[WhiteClock "0:01:53"]
[BlackClock "0:02:05"]

1. Nf3 d5 2. g3 Nc6 3. d4 Bg4 4. Bg2 Qd7 5. h3 Bxf3 6. Bxf3 O-O-O 7. Bf4 f6 8. c3 e5 9. dxe5 fxe5 10. Bg4 exf4 11. Bxd7+ Rxd7 12. gxf4 Nf6 13. e3 Bd6 14. Nd2 Re8 15. Kf1 h6 16. Nf3 Ne4 17. Rg1 Rf8 18. Nd4 g5 19. Ne6 Rf6 20. Qxd5 1-0


[Site "https://www.chess.com"]

[Event "Titled Tuesday Blitz February 07 Early 2023"]
[White "Berezin, Viktor"]
[Black "Melikhov, Evgeny V."]
[WhiteFideId "14107872"]
[BlackFideId "4122046"]
[WhiteElo "2307"]
[BlackElo "2269"]
[Result "1-0"]
[Round "11"]
[TimeControl "180+2"]
[Date "2023.02.07"]
[WhiteClock "0:00:14"]
[BlackClock "0:00:03"]

1. d4 Nf6 2. Nf3 d5 3. c4 e6 4. g3 dxc4 5. Bg2 Nc6 6. O-O Rb8 7. a4 a6 8. e3 Bd6 9. Nfd2 Na5 10. Qc2 O-O 11. Nxc4 Nxc4 12. Qxc4 e5 13. Nc3 exd4 14. Qxd4 c6 15. Rd1 Bc7 16. Qh4 Qe7 17. b3 Be6 18. Ba3 c5 19. Ne4 b6 20. b4 Bb3 21. bxc5 Bxd1 22. cxb6 Qe5 23. Rxd1 Rfd8 24. Rd4 Bxb6 25. Bd6 Rxd6 26. Rxd6 Bc7 27. Rd1 Nxe4 28. Bxe4 g6 29. Bd5 Kg7 30. Qc4 Qf6 31. Qxc7 Rb2 32. Qf4 Qxf4 33. gxf4 1-0


[Site "https://www.chess.com"]

[Event "Titled Tuesday Blitz February 07 Early 2023"]
[White "Andreev, Konstantin"]
[Black "Kochetov, Andrey"]
[WhiteFideId "24239305"]
[BlackFideId "24130532"]
[WhiteElo "2195"]
[BlackElo "2165"]
[Result "1-0"]
[Round "11"]
[TimeControl "180+2"]
[Date "2023.02.07"]
[WhiteClock "0:00:48"]
[BlackClock "0:00:32"]

1. e4 Nf6 2. e5 Nd5 3. d4 b5 4. Bxb5 c5 5. c3 Bb7 6. Nf3 e6 7. O-O cxd4 8. Qxd4 Be7 9. Qg4 g6 10. Bh6 Nc6 11. Nbd2 Qb6 12. Bc4 Na5 13. Bd3 Qxb2 14. Ne4 Nxc3 15. Nd6+ Bxd6 16. exd6 Nd5 17. Rab1 Qa3 18. Qd4 f6 19. Rb5 Ba6 20. Rxd5 Nc6 21. Qxf6 Rg8 22. Ne5 1-0


[Site "https://www.chess.com"]

[Event "Titled Tuesday Blitz February 07 Early 2023"]
[White "Topalov, Aleksandar"]
[Black "Shuvalov, Evgenij"]
[WhiteFideId "925659"]
[BlackFideId "4187237"]
[WhiteElo "2233"]
[BlackElo "2038"]
[Result "1-0"]
[Round "11"]
[TimeControl "180+2"]
[Date "2023.02.07"]
[WhiteClock "0:00:24"]
[BlackClock "0:00:42"]

1. b3 d5 2. Bb2 Nf6 3. Nf3 Bf5 4. g3 e6 5. Bg2 h6 6. O-O Be7 7. d3 O-O 8. Nbd2 Bh7 9. Ne5 Nfd7 10. Nxd7 Nxd7 11. e4 Bf6 12. Qc1 Bxb2 13. Qxb2 c6 14. Rfe1 a5 15. a3 Qb6 16. Qc3 Qc5 17. Qxc5 Nxc5 18. f4 Rfd8 19. Kf2 dxe4 20. Nxe4 Bxe4 21. Bxe4 Nxe4+ 22. Rxe4 Rd5 23. a4 Rad8 24. Rae1 h5 25. Re5 g6 26. Rxd5 Rxd5 27. Re4 Kf8 28. Ke2 Ke7 29. h4 Kf6 30. Kf3 Kf5 31. Rc4 Kf6 32. Ke3 Kf5 33. b4 Kg4 34. Kf2 Kh3 35. bxa5 Rxa5 36. Rb4 b5 37. axb5 cxb5 38. Rb2 f6 39. Kf3 Ra1 40. c4 bxc4 41. dxc4 Ra3+ 42. Kf2 Rxg3 43. Rb6 Rc3 44. Rxe6 Kxh4 45. Rxf6 Kg4 46. Rxg6+ Kxf4 47. Rc6 Rc2+ 48. Kg1 h4 49. c5 h3 50. Rc8 Ke5 51. c6 Kd6 52. Rd8+ Kc7 53. Rh8 Rc3 54. Kh2 Kxc6 55. Rc8+ Kd6 56. Rxc3 1-0


[Site "https://www.chess.com"]

[Event "Titled Tuesday Blitz February 07 Early 2023"]
[White "Bowden, Karl"]
[Black "Wilson, Elvin"]
[WhiteFideId "400548"]
[BlackFideId "2014874"]
[WhiteElo "2348"]
[BlackElo "2183"]
[Result "1-0"]
[Round "11"]
[TimeControl "180+2"]
[Date "2023.02.07"]
[WhiteClock "0:00:02"]
[BlackClock "0:00:19"]

1. e4 e6 2. d3 d5 3. Qe2 Be7 4. Nf3 Nf6 5. e5 Nfd7 6. g3 c5 7. Bg2 Nc6 8. O-O O-O 9. c4 Nb6 10. Nc3 a6 11. h4 h6 12. h5 Bd7 13. Bf4 Re8 14. Rad1 Rc8 15. b3 Bf8 16. Nh2 Nd4 17. Qg4 Bc6 18. Bxh6 Nf5 19. Bf4 Kh8 20. Nf3 Nh6 21. Bxh6 gxh6 22. Qf4 Qe7 23. Nh2 Bg7 24. Ng4 Kh7 25. Rfe1 Qg5 26. Qxg5 hxg5 27. cxd5 exd5 28. d4 c4 29. bxc4 Nxc4 30. Bxd5 Nb2 31. Bxc6 Rxc6 32. Ne4 Nxd1 33. Rxd1 Rd8 34. d5 Rc2 35. Nef6+ Kh8 36. d6 Bxf6 37. Nxf6 Re2 38. Rd5 Rxa2 39. Ne4 Re2 40. Nxg5 Kg8 41. f4 b5 42. Rd1 b4 43. h6 b3 44. d7 b2 45. h7+ Kg7 46. h8=Q+ Kxh8 47. Nxf7+ Kg7 48. Nxd8 Rc2 49. Ne6+ Kg6 50. d8=Q Rc1 51. Qg5+ Kf7 52. Qf6+ Ke8 53. Qf8# 1-0


[Site "https://www.chess.com"]

[Event "Titled Tuesday Blitz February 07 Early 2023"]
[White "Gutkin, Ilya"]
[Black "Jain Kashish Manoj"]
[WhiteFideId "16203470"]
[BlackFideId "35081098"]
[WhiteElo "2273"]
[BlackElo "2375"]
[Result "1-0"]
[Round "11"]
[TimeControl "180+2"]
[Date "2023.02.07"]
[WhiteClock "0:00:12"]
[BlackClock "0:00:05"]

1. Nf3 b6 2. g3 Bb7 3. Bg2 e6 4. c4 c5 5. O-O Nc6 6. d4 cxd4 7. Nxd4 Nf6 8. Bf4 a6 9. Nc3 Be7 10. Nxc6 Bxc6 11. Bxc6 dxc6 12. Qxd8+ Rxd8 13. Rfd1 O-O 14. Bc7 Rxd1+ 15. Rxd1 b5 16. b3 Rc8 17. Be5 Kf8 18. f3 Ke8 19. g4 h6 20. h4 g6 21. Bxf6 Bxf6 22. Ne4 Be7 23. c5 a5 24. Nd6+ Bxd6 25. Rxd6 Ke7 26. Kf2 g5 27. h5 Rc7 28. Ke3 b4 29. Ke4 f6 30. e3 Rc8 31. f4 gxf4 32. exf4 Rc7 33. g5 hxg5 34. fxg5 fxg5 35. Ke5 Kf7 36. Rxe6 Rc8 37. Rf6+ Ke7 38. Rg6 Kf7 39. Rxg5 Rd8 40. Ke4 Kf6 41. Rg6+ Ke7 42. Rxc6 Rh8 43. h6 Ra8 44. Rg6 Kf7 45. Kf5 a4 46. Rg7+ Kf8 47. Rc7 axb3 48. axb3 Ra3 49. h7 1-0


[Site "https://www.chess.com"]

[Event "Titled Tuesday Blitz February 07 Early 2023"]
[White "Tarasova, Viktoriya"]
[Black "Ozates, Tuna"]
[WhiteFideId "4175840"]
[BlackFideId "6354521"]
[WhiteElo "2226"]
[BlackElo "2251"]
[Result "0-1"]
[Round "11"]
[TimeControl "180+2"]
[Date "2023.02.07"]
[WhiteClock "0:00:14"]
[BlackClock "0:01:25"]

1. d4 g6 2. c4 Bg7 3. e4 d6 4. Nc3 Nc6 5. Be3 e5 6. Nge2 Nge7 7. d5 Nb8 8. Qd2 h6 9. O-O-O a5 10. f3 Na6 11. g4 b6 12. Ng3 Bd7 13. h4 Nc5 14. Kb1 Qc8 15. h5 g5 16. Be2 a4 17. Rc1 Bf8 18. Kc2 c6 19. Kd1 Qb7 20. Ke1 cxd5 21. exd5 f5 22. gxf5 Nxf5 23. Nxf5 Bxf5 24. Bxc5 bxc5 25. Nb5 Be7 26. Bd3 O-O 27. Qc2 Qd7 28. Bxf5 Rxf5 29. Qe4 Raf8 30. Rc3 Bd8 31. Ke2 Ba5 32. Rd3 R8f6 33. Ra3 Rf4 34. Qc2 e4 35. Qxa4 exf3+ 36. Kf2 Qg4 37. Rg1 Qh4+ 38. Kf1 Qe1# 0-1


[Site "https://www.chess.com"]

[Event "Titled Tuesday Blitz February 07 Early 2023"]
[White "Mesa Cruz, Juan Carlos"]
[Black "Seletsky, Grigory"]
[WhiteFideId "6423400"]
[BlackFideId "14112191"]
[WhiteElo "2122"]
[BlackElo "2259"]
[Result "1-0"]
[Round "11"]
[TimeControl "180+2"]
[Date "2023.02.07"]
[WhiteClock "0:00:11"]
[BlackClock "0:00:26"]

1. e4 c5 2. Nf3 d6 3. d4 cxd4 4. Nxd4 Nf6 5. Nc3 a6 6. Bg5 e5 7. Nb3 Be7 8. a4 O-O 9. a5 Be6 10. Bxf6 Bxf6 11. Nd5 Bg5 12. Nb6 Ra7 13. h4 Be7 14. g3 Nd7 15. Nd5 Nf6 16. Nxf6+ Bxf6 17. c4 Ra8 18. Qd3 Rc8 19. Nd2 Qc7 20. b3 Rfd8 21. Bh3 Qc5 22. Nf1 b6 23. axb6 Qxb6 24. Ne3 Rb8 25. Rb1 Qb4+ 26. Ke2 a5 27. Nc2 Qc5 28. Rhd1 a4 29. Bxe6 axb3 30. Bxf7+ Kxf7 31. Rxb3 Rxb3 32. Qxb3 Rc8 33. Ne3 g5 34. Rd5 Qc6 35. c5 Kg6 36. hxg5 Kxg5 37. Rxd6 Qxe4 38. Qf7 Qg6 39. f4+ exf4 40. gxf4+ Kh4 41. Qxg6 hxg6 42. Rxf6 g5 43. Rh6+ Kg3 44. fxg5 Rxc5 45. g6 Rg5 46. g7 Kf4 47. Rf6+ Ke4 48. Nf5 Ke5 49. Rf8 Rg2+ 50. Kf3 1-0


[Site "https://www.chess.com"]

[Event "Titled Tuesday Blitz February 07 Early 2023"]
[White "Lehtosaari, Mauri"]
[Black "Bozorov, Makhsum"]
[WhiteFideId "501999"]
[BlackFideId "14201330"]
[WhiteElo "2176"]
[BlackElo "2145"]
[Result "1/2-1/2"]
[Round "11"]
[TimeControl "180+2"]
[Date "2023.02.07"]
[WhiteClock "0:00:18"]
[BlackClock "0:00:21"]

1. d4 Nf6 2. Nf3 g6 3. Bg5 Bg7 4. e3 d5 5. Be2 O-O 6. O-O Ne4 7. Bf4 c5 8. c3 Qb6 9. Qb3 c4 10. Qc2 Bf5 11. Qc1 Nc6 12. Nbd2 Nxd2 13. Nxd2 e5 14. dxe5 Nxe5 15. Bxe5 Bxe5 16. Nf3 Bg7 17. Rd1 Be4 18. Nd4 Rfe8 19. Rd2 g5 20. Bd1 Rad8 21. Bc2 Qg6 22. Bxe4 dxe4 23. Qf1 Rc8 24. g4 Bxd4 25. Rxd4 Qe6 26. Qg2 Rcd8 27. Rad1 Rxd4 28. Rxd4 b5 29. a3 a5 30. h3 b4 31. axb4 axb4 32. cxb4 Rb8 33. Qxe4 Qxe4 34. Rxe4 Rxb4 35. Kg2 Kg7 36. b3 Rxb3 37. Rxc4 h6 38. Rc6 Rb1 39. Kg3 Rg1+ 40. Kf3 Ra1 41. Rb6 Rc1 42. Rb7 Kg6 43. Rb3 f6 44. Kg3 Rg1+ 45. Kh2 Ra1 46. f4 gxf4 47. exf4 h5 48. Kg3 hxg4 49. hxg4 Rg1+ 50. Kh4 Rh1+ 51. Rh3 Rf1 52. f5+ Kg7 53. Ra3 Rh1+ 54. Kg3 Rg1+ 55. Kf4 Rf1+ 56. Rf3 Ra1 57. Re3 Rf1+ 58. Kg3 Rg1+ 59. Kf3 Rf1+ 60. Kg2 Ra1 61. Kg3 Rg1+ 62. Kf4 Rf1+ 63. Ke4 Rg1 64. Kf4 Rf1+ 1/2-1/2


[Site "https://www.chess.com"]

[Event "Titled Tuesday Blitz February 07 Early 2023"]
[White "Sharafiev, Azat"]
[Black "Dinu, Dumitru-Daniel"]
[WhiteFideId "4186214"]
[BlackFideId "1208403"]
[WhiteElo "2427"]
[BlackElo "2203"]
[Result "0-1"]
[Round "11"]
[TimeControl "180+2"]
[Date "2023.02.07"]
[WhiteClock "0:01:36"]
[BlackClock "0:01:13"]

1. e4 c6 2. d4 d5 3. exd5 cxd5 4. Bd3 Nc6 5. c3 Nf6 6. Nf3 Bg4 7. O-O Bxf3 8. Qxf3 e6 9. Bg5 Be7 10. Nd2 O-O 11. h3 h6 12. Bh4 Nd7 13. Bxe7 Qxe7 14. Rfe1 Qf6 15. Qg3 Qg5 16. Qxg5 hxg5 17. Nf3 f6 18. Rxe6 Kf7 19. Rae1 Nde5 20. Nxe5+ fxe5 21. Bf5 e4 22. Rd6 Ne7 23. Bg4 Rfd8 24. Rxd8 Rxd8 25. f3 exf3 26. Bxf3 Rd6 27. Re5 Kf6 28. b4 Rc6 29. Bxd5 Rxc3 30. Bxb7 Nf5 31. Rd5 Rc1+ 32. Kh2 Ne3 33. Ra5 g4 34. hxg4 Nxg4+ 35. Kg3 Ne3 36. Rxa7 Nf5+ 37. Kf2 Rc2+ 38. Kg1 Nxd4 39. a4 Ne2+ 40. Kh2 Rc4 41. Ba6 Rh4# 0-1


[Site "https://www.chess.com"]

[Event "Titled Tuesday Blitz February 07 Early 2023"]
[White "Aarav Dengla"]
[Black "Sputnik-11"]
[WhiteFideId "45059756"]
[WhiteElo "2343"]
[BlackElo "2381"]
[Result "1-0"]
[Round "11"]
[TimeControl "180+2"]
[Date "2023.02.07"]
[WhiteClock "0:00:50"]
[BlackClock "0:00:04"]

1. e4 c5 2. Nf3 Nc6 3. Bb5 g6 4. O-O Bg7 5. c3 e5 6. Re1 Nge7 7. d3 O-O 8. Be3 d6 9. Qc1 a6 10. Ba4 b5 11. Bc2 Bg4 12. Nh4 b4 13. Bh6 Rb8 14. h3 Be6 15. Bxg7 Kxg7 16. f4 bxc3 17. bxc3 Ng8 18. Nf3 Qf6 19. fxe5 Nxe5 20. Rf1 Nxf3+ 21. Rxf3 Qe5 22. Qd1 Qh5 23. d4 cxd4 24. cxd4 f5 25. exf5 Bxf5 26. Bxf5 Rxf5 27. g4 Qg5 28. Nc3 Rb2 29. Ne4 Qh4 30. gxf5 gxf5 31. Ng3 Qxd4+ 32. Qxd4+ 1-0


[Site "https://www.chess.com"]

[Event "Titled Tuesday Blitz February 07 Early 2023"]
[White "Fiorito, Francisco"]
[Black "Rosenberg, Evan S"]
[WhiteFideId "180165"]
[BlackFideId "2019299"]
[WhiteElo "2305"]
[BlackElo "1956"]
[Result "1-0"]
[Round "11"]
[TimeControl "180+2"]
[Date "2023.02.07"]
[WhiteClock "0:00:47"]
[BlackClock "0:00:01"]

1. d4 d5 2. Nc3 e6 3. Bf4 a6 4. e3 c5 5. Nf3 Nc6 6. dxc5 Bxc5 7. Bd3 Nge7 8. O-O Ng6 9. Bg5 Be7 10. Bxe7 Qxe7 11. g3 O-O 12. h4 b5 13. h5 Nge5 14. Be2 h6 15. Nxe5 Nxe5 16. Qd4 Qf6 17. f4 Nc4 18. Bxc4 Qxd4 19. exd4 dxc4 20. Ne4 Bb7 21. Nc5 Bd5 22. c3 Rfd8 23. a3 a5 24. f5 exf5 25. Rxf5 Rab8 26. Re1 b4 27. axb4 axb4 28. Na6 Be6 29. Rf2 Rb5 30. Nxb4 Rxh5 31. Ra1 Rg5 32. Rf3 h5 33. Kh2 Rb5 34. Re1 Rxd4 35. cxd4 Rxb4 36. Rf2 Rb3 37. Re5 Rd3 38. Rxh5 Rxd4 39. Rh4 Rd1 40. g4 Bd5 41. Kg3 g5 42. Rh5 Rg1+ 43. Kh3 Rh1+ 44. Rh2 Rxh2+ 45. Kxh2 f6 46. Kg3 Kf7 47. Kf2 Be6 48. Kg3 Ke7 49. Rh6 Kf7 50. Rh7+ Kg6 51. Rc7 Bf7 52. Rc6 Bd5 53. Rd6 Bf7 54. Kf3 Kg7 55. Ke4 Kg6 56. Kd4 Kg7 57. Rc6 Kg6 58. Rc5 Be6 59. Rc6 Bxg4 60. Kxc4 Bf3 61. Rd6 g4 62. Kd4 Kf5 63. Ke3 Bg2 64. b4 Bf1 65. b5 Bxb5 66. Rd5+ 1-0


[Site "https://www.chess.com"]

[Event "Titled Tuesday Blitz February 07 Early 2023"]
[White "Rottenwohrer Suarez, Juan"]
[Black "Przybylski, Wojciech"]
[WhiteFideId "32068182"]
[BlackFideId "1117599"]
[WhiteElo "2265"]
[BlackElo "2321"]
[Result "0-1"]
[Round "11"]
[TimeControl "180+2"]
[Date "2023.02.07"]
[WhiteClock "0:00:02"]
[BlackClock "0:00:43"]

1. a3 a6 2. Nf3 Nf6 3. g3 g6 4. Bg2 Bg7 5. O-O O-O 6. c4 c5 7. Nc3 Nc6 8. d4 d5 9. dxc5 dxc4 10. Qa4 Qa5 11. Qxc4 Be6 12. Qh4 Qxc5 13. Be3 Qh5 14. Qxh5 gxh5 15. Nd4 Nxd4 16. Bxd4 Nd7 17. Bxg7 Kxg7 18. Bxb7 Rab8 19. Bxa6 Rxb2 20. Bd3 Nc5 21. Bb5 Nb3 22. Rab1 Rc2 23. Ne4 Nd4 24. Bd3 Nxe2+ 25. Kg2 Ra2 26. Ra1 Rxa1 27. Rxa1 Nd4 28. a4 Bd5 29. Kf1 Nb3 30. Ra3 Rc8 31. f3 f5 32. Ng5 Kf6 33. Nxh7+ Kg6 34. a5 Nc1 35. Bb1 e6 36. a6 Kxh7 37. a7 Nb3 0-1


[Site "https://www.chess.com"]

[Event "Titled Tuesday Blitz February 07 Early 2023"]
[White "Florescu, Codrut-Constantin"]
[Black "Khokhlova, Daria"]
[WhiteFideId "1202200"]
[BlackFideId "24182729"]
[WhiteElo "2259"]
[BlackElo "2111"]
[Result "1-0"]
[Round "11"]
[TimeControl "180+2"]
[Date "2023.02.07"]
[WhiteClock "0:00:51"]
[BlackClock "0:00:02"]

1. e4 c5 2. Nf3 d6 3. d4 cxd4 4. Nxd4 Nf6 5. Nc3 a6 6. f4 e6 7. Qf3 Be7 8. g4 Qc7 9. g5 Nfd7 10. Be3 b5 11. Bd3 Bb7 12. O-O-O Nc6 13. Kb1 Nc5 14. Rhg1 Nxd3 15. cxd3 b4 16. Nce2 a5 17. Rc1 Qd7 18. Nxc6 Bxc6 19. Bd4 Bf8 20. h4 a4 21. h5 Rg8 22. Qe3 Be7 23. Qd2 d5 24. e5 a3 25. b3 Bb5 26. Rc2 Qb7 27. Rgc1 Qa6 28. Rd1 Kd7 29. f5 exf5 30. Nf4 Rgc8 31. Nxd5 Rxc2 32. Qxc2 Rc8 33. Qd2 Bxg5 34. Qxg5 Bxd3+ 35. Ka1 1-0


[Site "https://www.chess.com"]

[Event "Titled Tuesday Blitz February 07 Early 2023"]
[White "Mirzanurov, Bulat"]
[Black "Fernandez Siles, Luis"]
[WhiteFideId "4184521"]
[BlackFideId "2209420"]
[WhiteElo "2232"]
[BlackElo "2218"]
[Result "1-0"]
[Round "11"]
[TimeControl "180+2"]
[Date "2023.02.07"]
[WhiteClock "0:00:16"]
[BlackClock "0:00:17"]

1. e4 c5 2. Nf3 Nc6 3. Bb5 g6 4. Bxc6 dxc6 5. O-O Bg7 6. Re1 Nf6 7. d3 Nd7 8. a4 a5 9. Na3 e5 10. Nc4 Qe7 11. Bd2 b6 12. Be3 O-O 13. c3 Ba6 14. Qc2 Bxc4 15. dxc4 Rfd8 16. Rad1 Nf8 17. b4 axb4 18. cxb4 cxb4 19. Bxb6 Rxd1 20. Rxd1 Ne6 21. c5 Bf8 22. Rd6 Qb7 23. Rxe6 fxe6 24. a5 Qd7 25. h4 Be7 26. Qb3 Bf6 27. g3 h6 28. Kg2 g5 29. hxg5 hxg5 30. g4 Qf7 31. Qxb4 Be7 32. Qb3 Kg7 33. Qd3 Qf4 34. Qd7 Qxg4+ 35. Kf1 Kf6 36. Nxe5 Qxe4 37. Nxc6 Qh1+ 38. Ke2 Qe4+ 39. Kd2 Qd5+ 40. Qxd5 exd5 41. Nb4 Ke5 42. a6 Kd4 43. a7 Bxc5 44. Nc6+ Kc4 45. Ne5+ Kb5 46. Bxc5 Kxc5 47. Nd3+ Kd6 48. Ke3 Rxa7 49. Kd4 Ra4+ 50. Ke3 Ke6 51. Nc5+ Ke5 52. Nxa4 d4+ 53. Ke2 Ke4 54. Nc5+ Kf4 55. Nd3+ Ke4 56. f3+ Kf5 57. Nf2 g4 58. Nxg4 Kf4 59. Nf2 d3+ 60. Nxd3+ Kf5 61. Ke3 1-0


[Site "https://www.chess.com"]

[Event "Titled Tuesday Blitz February 07 Early 2023"]
[White "Prieto Aranguren, Alain"]
[Black "Herman, Daniel"]
[WhiteFideId "2268906"]
[BlackFideId "30935008"]
[WhiteElo "2258"]
[BlackElo "1956"]
[Result "1-0"]
[Round "11"]
[TimeControl "180+2"]
[Date "2023.02.07"]
[WhiteClock "0:01:58"]
[BlackClock "0:00:43"]

1. d4 d6 2. Nf3 Nf6 3. g3 g6 4. Bg2 Bg7 5. O-O O-O 6. a4 Na6 7. c3 c5 8. Na3 cxd4 9. Nxd4 Nc5 10. Nc4 d5 11. Ne5 Nfe4 12. Nd3 e5 13. Nxc5 Nxc5 14. Nb5 Be6 15. Be3 Qe7 16. b4 Ne4 17. Bxe4 dxe4 18. Bc5 Qg5 19. Bxf8 Bxf8 20. Nc7 Rd8 21. Nxe6 fxe6 22. Qc1 e3 23. Qxe3 Qxe3 24. fxe3 Rd2 25. Rad1 Bh6 26. Rxd2 Bxe3+ 27. Kg2 Bxd2 28. Rd1 Bxc3 29. Rd8+ Kg7 30. Rd7+ Kf6 31. Rxb7 h5 32. a5 e4 33. a6 Bd4 34. b5 Ke5 35. b6 1-0


[Site "https://www.chess.com"]

[Event "Titled Tuesday Blitz February 07 Early 2023"]
[White "Sai Han Thiha"]
[Black "Rudzinska, Michalina"]
[WhiteFideId "13012290"]
[BlackFideId "1172883"]
[WhiteElo "2070"]
[BlackElo "2244"]
[Result "0-1"]
[Round "11"]
[TimeControl "180+2"]
[Date "2023.02.07"]
[WhiteClock "0:00:03"]
[BlackClock "0:01:12"]

1. d4 Nf6 2. c4 e6 3. Nf3 c5 4. d5 exd5 5. cxd5 d6 6. Nc3 g6 7. Nd2 Bg7 8. e4 O-O 9. Be2 a6 10. a4 Re8 11. O-O Nbd7 12. Re1 Rb8 13. h3 Qc7 14. Bf1 b6 15. Nc4 b5 16. axb5 axb5 17. Na5 b4 18. Nb5 Rxb5 19. Bxb5 Nxe4 20. Bc6 Bd4 21. Re2 Ba6 22. Be3 Bxe2 23. Qxe2 Nxf2 24. Kxf2 Rxe3 25. Qxe3 Bxe3+ 26. Kxe3 Ne5 27. Kf2 Nd3+ 28. Kg1 Nxb2 29. Ra2 c4 30. Nb7 c3 31. Na5 Qa7+ 32. Kh2 c2 33. Ra1 Qxa5 34. Rxa5 c1=Q 35. Ra8+ Kg7 36. Re8 Nd3 37. Re4 b3 38. h4 b2 39. Be8 b1=Q 40. Kg3 Qe1+ 41. Rxe1 Qxe1+ 42. Kh3 Qxe8 43. h5 Qe3+ 44. g3 Nf2+ 45. Kg2 Ne4 46. g4 Qg3+ 47. Kf1 Qf2# 0-1


[Site "https://www.chess.com"]

[Event "Titled Tuesday Blitz February 07 Early 2023"]
[White "Abdilkhair, Abilmansur"]
[Black "I_KID_you_not"]
[WhiteFideId "13716417"]
[WhiteElo "2268"]
[BlackElo "2342"]
[Result "1-0"]
[Round "11"]
[TimeControl "180+2"]
[Date "2023.02.07"]
[WhiteClock "0:00:39"]
[BlackClock "0:01:16"]

1. d4 g6 2. c4 Bg7 3. Nc3 c5 4. d5 Bxc3+ 5. bxc3 f5 6. Qd3 Nf6 7. Bh6 d6 8. Bg7 Rg8 9. Bxf6 exf6 10. Nf3 Qa5 11. e4 fxe4 12. Qxe4+ Kf7 13. Kd2 Bf5 14. Qf4 Qa3 15. Rc1 Qxa2+ 16. Kd1 Qb3+ 17. Kd2 Qb6 18. g4 Bd7 19. Ng5+ Kg7 20. Ne4 Rf8 21. Bd3 f5 22. Nxd6 fxg4 23. Qe5+ Kg8 24. Ne4 Na6 25. Rb1 Qa5 26. Rxb7 Rae8 27. Nf6+ Rxf6 28. Qxf6 Qa2+ 29. Bc2 Rf8 30. Qh4 Rf7 31. Qd8+ Kg7 32. Rxd7 Qxc2+ 1-0


[Site "https://www.chess.com"]

[Event "Titled Tuesday Blitz February 07 Early 2023"]
[White "Gharamian, Tigran"]
[Black "Bilan, Danila"]
[WhiteFideId "13301527"]
[BlackFideId "24161918"]
[WhiteElo "2601"]
[BlackElo "2303"]
[Result "0-1"]
[Round "11"]
[TimeControl "180+2"]
[Date "2023.02.07"]
[WhiteClock "0:00:03"]
[BlackClock "0:00:10"]

1. d4 d5 2. Nf3 Nf6 3. e3 c5 4. c3 Nc6 5. Nbd2 Bg4 6. Qa4 Bxf3 7. Nxf3 e6 8. Bd3 Bd6 9. O-O O-O 10. dxc5 Bxc5 11. b4 Bd6 12. Bb2 Ne5 13. Nxe5 Bxe5 14. f4 Bc7 15. Rad1 Bb6 16. Kh1 Ng4 17. Rf3 Qh4 18. h3 Nf2+ 19. Kh2 Nxd1 20. Qxd1 Rac8 21. Rg3 Bd8 22. Rg4 Qh6 23. c4 Bf6 24. Bxf6 Qxf6 25. c5 b6 26. Ba6 Rc7 27. cxb6 axb6 28. Rg5 g6 29. Re5 Qe7 30. Qd4 Rc2 31. f5 Qf6 32. Rxd5 Qxd4 33. Rxd4 gxf5 34. Bc4 Rc8 35. Bb3 Re2 36. Rd6 Rb8 37. Rd3 Kg7 38. a4 Kf6 39. Rc3 Rg8 0-1


[Site "https://www.chess.com"]

[Event "Titled Tuesday Blitz February 07 Early 2023"]
[White "ritanovikova"]
[Black "Andrews, Todd"]
[BlackFideId "2012456"]
[WhiteElo "2202"]
[BlackElo "2220"]
[Result "0-1"]
[Round "11"]
[TimeControl "180+2"]
[Date "2023.02.07"]
[WhiteClock "0:00:05"]
[BlackClock "0:00:25"]

1. e4 c5 2. Nc3 d6 3. d3 g6 4. Be3 Bg7 5. Qd2 Nc6 6. g3 Nd4 7. Nd1 h5 8. c3 Nc6 9. h4 Bd7 10. Bg2 Qc8 11. Ne2 b5 12. d4 cxd4 13. cxd4 Nf6 14. Rc1 Qa6 15. a3 Ng4 16. O-O O-O 17. Ndc3 Nxe3 18. Qxe3 b4 19. Nd5 Rab8 20. axb4 e6 21. Ndc3 Rxb4 22. d5 exd5 23. exd5 Ne5 24. Ra1 Qb6 25. Qxb6 axb6 26. Ra2 Nd3 27. Rb1 Rc8 28. Be4 Bf5 29. Bxf5 gxf5 30. Kf1 Bxc3 31. Nxc3 Rxc3 32. Ra8+ Kg7 33. Ke2 Rxb2+ 34. Rxb2 Nxb2 35. Kd2 Rc5 36. Rb8 Rxd5+ 37. Kc3 Na4+ 38. Kc4 Rc5+ 39. Kb4 b5 40. Rd8 Rd5 41. f4 Nb2 42. Kb3 Nd3 43. Kc3 Nf2 44. Rd7 Ne4+ 45. Kb4 Nxg3 46. Ka5 Ne2 47. Kb6 Nxf4 48. Kc7 b4 49. Kd8 b3 50. Ke8 Re5+ 51. Kd8 b2 52. Rb7 Re2 53. Kd7 Nd5 54. Kxd6 Nc3 55. Kd7 b1=Q 56. Rxb1 Nxb1 57. Kc8 Kf6 58. Kb7 Ke6 59. Ka6 Kd6 60. Kb5 Kd5 61. Ka4 Rb2 62. Ka5 Kc5 63. Ka4 f4 0-1


[Site "https://www.chess.com"]

[Event "Titled Tuesday Blitz February 07 Early 2023"]
[White "Adithya A Chullikkad"]
[Black "Sanchez, Robert"]
[WhiteFideId "45078734"]
[BlackFideId "2034360"]
[WhiteElo "2259"]
[BlackElo "1966"]
[Result "0-1"]
[Round "11"]
[TimeControl "180+2"]
[Date "2023.02.07"]
[WhiteClock "0:01:14"]
[BlackClock "0:01:08"]

1. d4 e6 2. Bf4 d5 3. c3 Nf6 4. e3 Bd6 5. Bg3 Nc6 6. Nf3 Qe7 7. Nbd2 e5 8. dxe5 Nxe5 9. Nxe5 Bxe5 10. Bxe5 Qxe5 11. Nf3 Qe7 12. Nd4 c6 13. Bd3 O-O 14. O-O Qe5 15. Qb3 Qc7 16. Qc2 a6 17. Bf5 c5 18. Bxc8 cxd4 19. Bf5 dxc3 20. Qxc3 Qd6 21. Rac1 g6 22. Bd3 Ng4 23. g3 Ne5 24. Be2 Nc6 25. Rfd1 Rfd8 26. Qb3 Rab8 27. Bf3 Qe5 28. Bxd5 Na5 29. Bxf7+ Kg7 30. Qb6 Rxd1+ 31. Rxd1 Kxf7 32. Qxa5 Qxa5 0-1


[Site "https://www.chess.com"]